 Dungeon Crawl Stone Soup version 0.28-a0-535-g6f645e4c1d (webtiles) character file.

Game seed: 5563334878779567029

105 mg7810 the Skirmisher (level 4, 0/35 HPs)
             Began as a Demonspawn Monk on Sept 26, 2021.
             Succumbed to a kobold brigand's curare-tipped dart
             ... in a sewer.
             The game lasted 00:09:48 (3960 turns).

mg7810 the Skirmisher (Demonspawn Monk)             Turns: 3960, Time: 00:09:48

Health: 0/35       AC:  2    Str: 13    XL:     4   Next: 53%
Magic:  4/4        EV: 13    Int: 11    God:
Gold:   75         SH:  0    Dex: 17    Spells: 3/3 levels left

rFire   . . .      SeeInvis .   a - +0 hand axe
rCold   . . .      Faith    .   (no shield)
rNeg    . . .      Spirit   .   b - +0 robe
rPois   .          Reflect  .   (no helmet)
rElec   +          Harm     .   (no cloak)
rCorr   .          Rampage  .   (no gloves)
Will    .....                   (no boots)
Stlth   ++........              (no amulet)
HPRegen 0.11/turn               (no ring)
MPRegen 0.09/turn               (no ring)

@: lethally poisoned (0 -> -1), slowed, very slow
A: powered by pain 1, demonic magic 1, agile 1, electricity resistance
a: no special abilities


You were in a sewer.
You visited 1 branch of the dungeon, and saw 3 of its levels.
You also visited: Sewer.

You collected 75 gold pieces.

Inventory:

Hand Weapons
 a - a +0 hand axe (weapon)
Missiles
 f - 6 poisoned darts (quivered)
Armour
 b - a +0 robe (worn)
Magical Staves
 j - a staff of conjuration
Scrolls
 h - 2 scrolls of identify
 k - a scroll of teleportation
 l - a scroll of torment {unknown}
 m - a scroll of immolation {unknown}


   Skills:
 + Level 3.3 Fighting
 + Level 3.1 Axes
 * Level 0.5 Staves
 * Level 1.0 Throwing
 + Level 1.0 Armour
 + Level 3.1 Dodging
 + Level 2.3 Stealth
 * Level 0.3 Spellcasting
 * Level 0.3 Conjurations
 * Level 0.7 Evocations


You had 3 spell levels left.
You didn't know any spells.
Your spell library contained the following spells:

 Spells                   Type           Power      Damage    Failure   Level
 Call Canine Familiar     Summ           0%         N/A       71%         3
 Portal Projectile        Hex/Tloc       0%         N/A       71%         3
 Leda's Liquefaction      Hex/Erth       0%         N/A       98%         4
 Blade Hands              Tmut           0%         N/A       100%        5
 Excruciating Wounds      Necr           0%         N/A       100%        5


Dungeon Overview and Level Annotations

Branches:
Dungeon (3/15)              Sewer (1/1)

Altars:
Yredelemnul


Innate Abilities, Weirdness & Mutations

You sometimes gain a little power by taking damage.
Spells you cast may paralyse adjacent enemies.
You are agile. (Dex +2)
You are resistant to electric shocks. (rElec)


Message History

You throw a poisoned dart.
The poisoned dart closely misses the kobold brigand.
You hear a splash.
You feel very sick.
Throw: 8 darts (poison)
Press: ? - help, Q - select action Shift-Dir - straight line, f/p - kobold brigand
Aim: a kobold brigand, wielding a +0 short sword and quivering curare-tipped darts (poisoned, 51% to hit)
You throw a poisoned dart.
The poisoned dart hits the kobold brigand.
The kobold brigand looks even sicker.
You hear a splash.
You feel sick.
Throw: 7 darts (poison)
Press: ? - help, Q - select action Shift-Dir - straight line, f/p - kobold brigand
Aim: a kobold brigand, wielding a +0 short sword and quivering curare-tipped darts (very poisoned, 51% to hit)
You throw a poisoned dart.
The poisoned dart hits the kobold brigand.
You hear a splash.
You feel sick.
You feel sick.
The kobold brigand throws a curare-tipped dart.
The curare-tipped dart hits you.
You are more poisoned.
You have difficulty breathing.
* * * LOW HITPOINT WARNING * * *
You feel as though you will be slow longer.
It was a potion of mutation.
You feel extremely strange.
You feel insulated.
You feel agile.
You feel sick.
You feel sick. The kobold brigand barely misses you.
You see here a +0 whip.
You hit the kobold brigand.
The kobold brigand is heavily wounded.
You feel sick.
The kobold brigand hits you with a +0 short sword.
* * * LOW HITPOINT WARNING * * *
The kobold brigand closely misses you.
You hit the kobold brigand.
The kobold brigand is severely wounded.
You die...

#### ##### ####
#####..####..P####..#######
#...#..........##.........#
#######...#.....................#
....##...........................
K................)...............
.≈.......≈P≈≈..K@.........≈......
≈≈...≈≈≈≈≈≈≈≈≈≈≈≈..≈≈≈..≈≈≈≈.....
≈P...≈≈P≈≈≈≈((≈≈≈...≈≈≈P≈≈P≈P....
#########((≈≈##########≈≈≈#######
≈≈≈≈≈≈≈≈≈(≈≈≈≈≈≈≈ ≈≈≈≈≈≈≈≈≈≈≈≈≈≈≈
≈≈≈≈≈≈≈≈≈≈≈≈≈≈≈≈≈≈≈≈≈≈≈≈≈≈≈≈≈≈≈≈≈
≈≈≈≈≈≈≈≈≈≈≈≈≈≈≈≈≈≈≈≈≈≈≈≈≈≈≈≈≈≈≈≈≈
######≈#######≈#≈############≈≈##
≈.P≈P≈≈≈≈P..P≈≈≈≈≈P........≈P≈≈≈.


You could see a kobold brigand (poisoned).

Vanquished Creatures
  3 adders
  A worm (D:2)
  2 dart slugs
  An orc (D:3)
  5 ball pythons
  8 endoplasms
  2 giant cockroaches
  4 hobgoblins
  4 quokkas
  5 bats
  5 frilled lizards
  6 goblins
  12 kobolds
  10 rats
68 creatures vanquished.

Vanquished Creatures (others)
  A fungus (Sewer)
  8 plants (Sewer)
9 creatures vanquished.

Grand Total: 77 creatures vanquished

Notes
Turn   | Place    | Note
-------+----------+-------------------------------------------
     0 | D:1      | mg7810 the Demonspawn Monk began the quest for the Orb.
     0 | D:1      | Reached XP level 1. HP: 18/18 MP: 1/1
   336 | D:1      | Gained mutation: You sometimes gain a little power by
                  | taking damage. [demonic ancestry]
   336 | D:1      | Reached XP level 2. HP: 17/24 MP: 2/2
  1213 | D:1      | Gained mutation: Spells you cast may paralyse adjacent
                  | enemies. [demonic ancestry]
  1213 | D:1      | Reached XP level 3. HP: 29/29 MP: 3/3
  1341 | D:1      | Found a faded altar of an unknown god.
  1822 | D:2      | Reached skill level 1 in Armour
  2836 | D:3      | Found a basalt altar of Yredelemnul.
  3030 | D:3      | Reached XP level 4. HP: 20/35 MP: 4/4
  3057 | D:3      | Found a glowing drain.
  3061 | Sewer    | Entered a sewer
  3760 | Sewer    | Reached skill level 1 in Throwing
  3891 | Sewer    | Noticed a kobold brigand
  3957 | Sewer    | Gained mutation: You are resistant to electric shocks.
                  | (rElec) [potion of mutation]
  3957 | Sewer    | Gained mutation: You are agile. (Dex +2) [potion of
                  | mutation]
  3959 | Sewer    | HP: 1/35 [kobold brigand (5)]
  3960 | Sewer    | Succumbed to a kobold brigand's curare-tipped dart

Illustrated notes

Levels and vault maps discovered:
D:1:      matt_arrival_grand_opening, layout_loops_ring,
          hellmonk_ecumenical_altar_slurped_away
D:2:      layout_basic
D:3:      layout_loops_ring, lemuel_tele_altar,
          mainiacjoe_overflow_six_doors_small, gup_sewer_entry_spiral,
          minmay_misc_feat_rugged, nrook_loot_triangle, kennysheep_cross_room,
          uniq_jessica, uniq_ijyb
Sewer:    kennysheep_pipe_town

Skill      XL: |  1  2  3  4 |
---------------+-------------+-----
Stealth        | 2 |  2.3
Dodging        | 3 |  3.1
Axes           | 3 |  3.1
Armour         | 1 |  1.0
Throwing       | 1 |  1.0
Fighting       | |  3.3
Staves         | |  0.5
Spellcasting   | |  0.3
Conjurations   | |  0.3
Evocations     | |  0.7

Action                   |  1- 3 |  4- 6 || total
-------------------------+-------+-------++-------
Melee: Hand axe          |   177 |    76 ||   253
       Staff             |     3 |       ||     3
Throw: Dart              |       |    11 ||    11
  Use: Scroll            |     2 |     1 ||     3
       Potion            |     1 |     5 ||     6
 Stab: Sleeping          |     7 |     1 ||     8
Armor: Robe              |    29 |    14 ||    43
Dodge: Dodged            |   125 |    83 ||   208

Table legend: (Time is in decaauts)
 A = Elapsed time spent in this place.
 B = Non-inter-level travel time spent in this place.
 C = Inter-level travel time spent in this place.
 D = Time resting spent in this place.
 E = Time spent auto-exploring this place.
 F = Levels seen in this place.
 G = Mean time per level.
                   A        B        C        D        E       F      G
               +--------+--------+--------+--------+--------+-----+--------+
         Total |   4054 |   4027 |     27 |      0 |   3094 |   4 | 1013.5 |
       Dungeon |   3108 |   3081 |     27 |      0 |   2356 |   3 | 1036.0 |
         Sewer |    945 |    945 |      0 |      0 |    738 |   1 |  945.0 |
               +--------+--------+--------+--------+--------+-----+--------+

Top non-repeatable levels by time:
     D:1: 1445 daAuts
     D:2: 1290 daAuts
   Sewer: 945 daAuts
     D:3: 372 daAuts
